 Dungeon Crawl Stone Soup version 0.27.0-1-g7a089689b8 (webtiles) character file.

Game seed: 4587881434855864714

106 ZombieSheep the Sneak (level 4, -5/57 HPs)
             Began as a Gnoll Wanderer on Aug 11, 2021.
             Slain by a kobold (19 damage)
             ... on level 2 of the Dungeon.
             The game lasted 00:02:31 (1712 turns).

ZombieSheep the Sneak (Gnoll Wanderer)              Turns: 1712, Time: 00:02:32

Health: -5/57      AC: 22    Str: 12    XL:     4   Next: 84%
Magic:  5/5        EV:  2    Int: 13    God:
Gold:   47         SH:  0    Dex: 10    Spells: 5/5 levels left

rFire    . . .     SeeInvis .   b - +0 quarterstaff
rCold    . . .     Faith    .   (shield currently unavailable)
rNeg     + + +     Spirit   .   (armour currently unavailable)
rPois    +         Reflect  .   (helmet currently unavailable)
rElec    .         Harm     .   (cloak currently unavailable)
rCorr    .         Rampage  .   (gloves currently unavailable)
Will     .....     NoTele   +   (boots currently unavailable)
Stlth    +++.......             (no amulet)
HPRegen  0.19/turn              (no ring)
MPRegen  0.09/turn              (no ring)

@: tree-form
A: stationary, stasis, torment immunity, boosted hp, (fangs 1), strong nose,
distributed training
a: no special abilities


You were on level 2 of the Dungeon.
You were a tree.
You visited 1 branch of the dungeon, and saw 2 of its levels.

You collected 47 gold pieces.

Inventory:

Hand Weapons
 a - a +0 club
 b - a +0 quarterstaff (weapon)
 f - a +0 dagger
Armour
 d - a +0 robe
 e - a +0 kite shield
 h - a +0 ring mail (melded)
Scrolls
 i - a scroll of identify
Potions
 g - a potion of heal wounds
 j - a potion of flight {unknown}
 k - a potion of mutation {unknown}


   Skills:
 + Level 4.7 Fighting
 + Level 1.2 Short Blades
 + Level 1.2 Long Blades
 + Level 1.2 Axes
 + Level 1.2 Maces & Flails
 + Level 1.2 Polearms
 + Level 4.7 Staves
 + Level 1.2 Slings
 + Level 1.2 Bows
 + Level 1.2 Crossbows
 + Level 2.8 Throwing
 + Level 1.2 Armour
 + Level 2.8 Dodging
 + Level 6.1 Stealth
 + Level 2.8 Shields
 + Level 1.2 Unarmed Combat
 + Level 1.2 Spellcasting
 + Level 1.0 Conjurations
 + Level 1.0 Hexes
 + Level 1.0 Summonings
 + Level 1.0 Necromancy
 + Level 1.0 Translocations
 + Level 1.0 Transmutations
 + Level 1.0 Fire Magic
 + Level 1.0 Ice Magic
 + Level 1.0 Air Magic
 + Level 1.0 Earth Magic
 + Level 1.0 Poison Magic
 + Level 1.4 Invocations
 + Level 1.2 Evocations


You had 5 spell levels left.
You didn't know any spells.
Your spell library was empty.

Dungeon Overview and Level Annotations

Branches:
Dungeon (2/15)

Altars:


Innate Abilities, Weirdness & Mutations

You are a tree.
Your roots penetrate the ground, keeping you stationary.
You cannot be teleported.
You are immune to unholy pain and torment.
Your maximum health is greatly increased.
Your equipment is partially melded.
((You have very sharp teeth.))
Your uncanny sense of smell can sniff out nearby items.
Your experience applies equally to all skills.


Message History

Found a stone staircase leading up.
There is an open door here.
There is a stone staircase leading up here.
You climb upwards.
There is a stone staircase leading down here.
As you read the scroll labelled VEUDAOTUOPS, it crumbles to dust.
It is a scroll of identify.
g - a potion of heal wounds You climb downwards.
There is a stone staircase leading up here.
A dart slug comes into view.
The dart slug launches a dart at you. The slug dart hits you.
You hit the dart slug.
The dart slug is severely wounded.
The dart slug launches a dart at you. The slug dart hits you.
You sock the dart slug!
You kill the dart slug!
No target in view!
No target in view!
HP restored.
You see here a dart slug corpse.
A kobold comes into view.
It is wielding a +2 whip of electrocution.
The helpless kobold fails to defend itself.
You hit the kobold.
The kobold is heavily wounded.
The kobold hits you with a +2 whip of electrocution.
You are electrocuted!!
You are too injured to fight recklessly!
You are too injured to fight recklessly!
You are too injured to fight recklessly!
You turn into a tree.
Your +0 ring mail melds into your body.
Your roots penetrate the ground.
The kobold hits you but does no damage.
You are electrocuted!
* * * LOW HITPOINT WARNING * * *
You hit the kobold but do no damage.
The kobold is heavily wounded.
The kobold hits you but does no damage.
You are electrocuted!!
You die...

.<....... #.##........#.#
###########.##.########.#
............## #.#
############# #.# #.# ∆
########.# #...†....#
#.######## #♣# #K# #.#
#.# #.# #.# #.# ..#


You could see a kobold.

Vanquished Creatures
  A water moccasin skeleton (D:2)
  3 dart slugs
  6 ball pythons
  6 bats
  5 endoplasms
  2 giant cockroaches
  6 hobgoblins
  2 jackals (D:1)
  3 kobolds
  2 quokkas (D:1)
  5 frilled lizards
  7 rats
48 creatures vanquished.

Notes
Turn   | Place    | Note
-------+----------+-------------------------------------------
     0 | D:1      | ZombieSheep the Gnoll Wanderer began the quest for the Orb.
     0 | D:1      | ZombieSheep set off with the following items: a +0 club, a
                  | +0 quarterstaff, a potion of lignification, a +0 robe, a +0
                  | kite shield, a +0 dagger
     0 | D:1      | Reached XP level 1. HP: 20/20 MP: 1/1
   254 | D:1      | Reached XP level 2. HP: 26/26 MP: 2/2
   592 | D:1      | Reached XP level 3. HP: 31/31 MP: 3/3
   645 | D:1      | Reached skill level 6 in Stealth
  1066 | D:2      | Reached skill level 1 in Invocations
  1096 | D:2      | HP: 1/31 [water moccasin skeleton (6)]
  1098 | D:2      | Reached skill level 1 in Short Blades
  1098 | D:2      | Reached skill level 1 in Long Blades
  1098 | D:2      | Reached skill level 1 in Axes
  1098 | D:2      | Reached skill level 1 in Maces & Flails
  1098 | D:2      | Reached skill level 1 in Polearms
  1098 | D:2      | Reached skill level 1 in Slings
  1098 | D:2      | Reached skill level 1 in Bows
  1098 | D:2      | Reached skill level 1 in Crossbows
  1098 | D:2      | Reached skill level 1 in Armour
  1098 | D:2      | Reached skill level 1 in Unarmed Combat
  1098 | D:2      | Reached skill level 1 in Spellcasting
  1098 | D:2      | Reached skill level 1 in Conjurations
  1098 | D:2      | Reached skill level 1 in Hexes
  1098 | D:2      | Reached skill level 1 in Summonings
  1098 | D:2      | Reached skill level 1 in Necromancy
  1098 | D:2      | Reached skill level 1 in Translocations
  1098 | D:2      | Reached skill level 1 in Transmutations
  1098 | D:2      | Reached skill level 1 in Fire Magic
  1098 | D:2      | Reached skill level 1 in Ice Magic
  1098 | D:2      | Reached skill level 1 in Air Magic
  1098 | D:2      | Reached skill level 1 in Earth Magic
  1098 | D:2      | Reached skill level 1 in Poison Magic
  1098 | D:2      | Reached skill level 1 in Evocations
  1098 | D:2      | Reached XP level 4. HP: 1/38 MP: 5/5
  1457 | D:2      | Found a faded altar of an unknown god.
  1712 | D:2      | Slain by a kobold

Illustrated notes

Levels and vault maps discovered:
D:1:      dpeg_arrival_round_a, layout_basic
D:2:      layout_basic, ebering_ecumenical_altar_mist

Skill      XL: |  1  2  3 |
---------------+----------+-----
Stealth        | 6 |  6.1
Invocations    | 1 |  1.4
Short Blades   | 1 |  1.2
Long Blades    | 1 |  1.2
Axes           | 1 |  1.2
Maces & Flails | 1 |  1.2
Polearms       | 1 |  1.2
Slings         | 1 |  1.2
Bows           | 1 |  1.2
Crossbows      | 1 |  1.2
Armour         | 1 |  1.2
Unarmed Combat | 1 |  1.2
Spellcasting   | 1 |  1.2
Conjurations   | 1 |  1.0
Hexes          | 1 |  1.0
Summonings     | 1 |  1.0
Necromancy     | 1 |  1.0
Translocations | 1 |  1.0
Transmutations | 1 |  1.0
Fire Magic     | 1 |  1.0
Ice Magic      | 1 |  1.0
Air Magic      | 1 |  1.0
Earth Magic    | 1 |  1.0
Poison Magic   | 1 |  1.0
Evocations     | 1 |  1.2
Fighting       | |  4.7
Staves         | |  4.7
Throwing       | |  2.8
Dodging        | |  2.8
Shields        | |  2.8

Action                   |  1- 3 |  4- 6 || total
-------------------------+-------+-------++-------
Melee: Quarterstaff      |   101 |    19 ||   120
       Bite              |     7 |       ||     7
  Use: Scroll            |       |     1 ||     1
       Potion            |       |     1 ||     1
 Stab: Sleeping          |     6 |     3 ||     9
Armor: Ring mail         |    43 |     2 ||    45
       Skin              |       |     2 ||     2
Dodge: Dodged            |    59 |     7 ||    66
